 Dungeon Crawl Stone Soup version 0.26-b1-32-g5d43845318 (webtiles) character file.

Game seed: 4594129712974329651

21998 Borgoz the Basher (level 12, -8/76 HPs)
             Began as a Gargoyle Gladiator on Jan 13, 2021.
             Was a High Priest of Okawaru.
             Mangled by a two-headed ogre
             ... wielding a +0 giant club
              (11 damage)
             ... on level 13 of the Dungeon.
             The game lasted 00:17:49 (11716 turns).

Borgoz the Basher (Gargoyle Gladiator)             Turns: 11716, Time: 00:17:50

Health: -8/76      AC: 23    Str: 24    XL:     12   Next: 95%
Magic:  15/15      EV: 16    Int: 11    God:    Okawaru [*****.]
Gold:   932        SH:  0    Dex: 13    Spells: 11/11 levels left

rFire    + . .     SeeInvis +   a - +0 great mace
rCold    . . .     Faith    .   (shield currently unavailable)
rNeg     + + .     Spirit   .   z - +1 scale mail {rF+}
rPois    ∞         Reflect  .   i - +1 hat of Day {rPois Str+2}
rElec    +         Harm     .   A - +0 cloak
rCorr    .         Rampage  .   u - +1 pair of gloves {Str+3}
Will     .....                  (no boots)
Stlth    ..........             p - amulet of regeneration
HPRegen  0.62/turn              c - ring of see invisible
MPRegen  0.14/turn              H - ring of positive energy

@: no status effects
A: negative energy resistance 1, electricity resistance, unbreathing,
petrification resistance, miasma immunity, AC +8
a: Renounce Religion, Heroism, Finesse


You were on level 13 of the Dungeon.
You worshipped Okawaru.
Okawaru was extremely pleased with you.
You visited 2 branches of the dungeon, and saw 14 of its levels.
You also visited: Ossuary.

You collected 956 gold pieces.
You spent 24 gold pieces at shops.

Inventory:

Hand Weapons
 a - a +0 great mace (weapon)
Missiles
 d - a throwing net (quivered)
Armour
 i - the +1 hat of Day (worn) {rPois Str+2}
   (Okawaru gifted it to you on level 9 of the Dungeon)

   It affects your strength (+2).
   It protects you from poison.
 u - a +1 pair of gloves of strength (worn)
 z - a +1 scale mail of fire resistance (worn)
 A - a +0 cloak (worn)
Jewellery
 c - a ring of see invisible (left hand)
 n - the ring "Qapan" {+Fly rN+ Will- Str+4 Dex+2}
   (You took it off an orc wizard on level 9 of the Dungeon)

   [ring of positive energy]

   It affects your strength (+4).
   It affects your dexterity (+2).
   It protects you from negative energy.
   It affects your willpower, your defense against some magical effects.
   It lets you fly.
 p - an amulet of regeneration (around neck)
 r - an uncursed ring of fire
 H - a ring of positive energy (right hand)
 I - a +6 ring of intelligence
Wands
 h - a wand of iceblast (18)
 q - a wand of flame (46)
 F - a wand of digging (1)
 M - a wand of paralysis (13)
Scrolls
 b - 4 scrolls of blinking
 e - 10 scrolls of teleportation
 g - 2 scrolls of enchant weapon
 j - 7 scrolls of remove curse
 k - 2 scrolls of noise {unknown}
 o - a scroll of identify
 s - 3 scrolls of fog
 v - 3 scrolls of magic mapping {unknown}
 y - 5 scrolls of random uselessness {unknown}
 E - 3 scrolls of enchant armour {unknown}
Potions
 f - 6 potions of curing
 l - 3 potions of haste
 m - 7 potions of might
 t - 4 potions of brilliance
 w - a potion of magic {unknown}
 C - 5 potions of mutation
 G - a potion of flight


   Skills:
 + Level 9.6 Fighting
 * Level 12.2 Maces & Flails
 - Level 1.9 Throwing
 + Level 9.2 Armour
 * Level 10.4 Dodging
 - Level 5.0 Invocations


You had 11 spell levels left.
You didn't know any spells.
Your spell library contained the following spells:

 Spells                   Type           Power        Failure   Level
 Animate Skeleton         Necr           0%           58%         1
 Apportation              Tloc           0%           58%         1
 Corona                   Hex            0%           58%         1
 Summon Small Mammal      Summ           0%           58%         1


Dungeon Overview and Level Annotations

Branches:
Dungeon (13/15)            Temple (1/1) D:6            Lair (0/6) D:8
    Orc (0/2) D:11        Ossuary (visited)
 Vaults: D:13-14

Altars:
Ashenzari
Cheibriados
Dithmenos
Elyvilon
Fedhas
Gozag
Hepliaklqana
Kikubaaqudgha
Makhleb
Nemelex Xobeh
Okawaru
Qazlal
Ru
Sif Muna
Trog
Uskayaw
Vehumet
Wu Jian
Xom
Yredelemnul
Zin
The Shining One
Lugonu

Shops:
D:10 ?


Innate Abilities, Weirdness & Mutations

You are resistant to torment.
Your stone body is resilient. (AC +8)
You are immune to poison.
You resist negative energy. (rN+)
You are resistant to electric shocks. (rElec)
You can survive without breathing.
You are immune to petrification.
You are immune to miasma.


Message History

The two-headed ogre barely misses you.
The orc priest hits you with a +3 hand axe.
* * * LOW HITPOINT WARNING * * *
You bludgeon the orc priest!!
You kill the orc priest!
Okawaru accepts your kill.
You feel less invigorated.
You feel less confused.
The deep elf mage mumbles some strange words.
The two-headed ogre hits you with a +0 giant club.
* * * LOW HITPOINT WARNING * * *
The two-headed ogre hits you with a +0 giant club.
* * * LOW HITPOINT WARNING * * *
Found 5 gold pieces.
Things that are here:
a +3 hand axe; an orc corpse The deep elf knight mumbles some strange words.
The deep elf knight seems to speed up.
The two-headed ogre hits you with a +0 giant club!
You die...

#..........#
#..........#
######..........#
.....#>.........#
.....#..........#
.....#..........#
................#
...<#######..#######
....# #..#..@.$#
....# #..##O#..#
....# #..#o#.#.#
.)..# .##.#..#O##..#
#†.## #...e.Oe..o#.#
##..#####.#.e#K#####
#.........EE.E..
#.................
#..#####.#..#.#####


You could see an orc knight, 2 two-headed ogres, a deep elf knight (fast), 2
earth elementals and a deep elf mage.

Vanquished Creatures
  A boulder beetle (D:12)
  2 tengu warriors (D:10)
  3 two-headed ogres
  3 death yaks (D:8)
  An unseen horror (D:11)
  3 deep elf magi
  2 ugly things (D:12)
  2 manticores
  3 cyclopes
  2 centaur zombies
  2 gargoyles
  A kobold demonologist (D:12)
  A polar bear (D:8)
  A tengu conjurer (D:10)
  2 trolls
  Prince Ribbit (D:6)
  2 wraiths
  19 yaks
  A wyvern (D:9)
  Sigmund (D:6)
  A water elemental (D:11)
  A steam dragon (D:9)
  A basilisk (D:10)
  4 vampire mosquitoes (D:12)
  A soldier ant (shapeshifter) (D:13)
  4 wargs (D:11)
  A soldier ant (D:13)
  An acid dragon (D:11)
  A sky beast (D:9)
  5 orc warriors
  An ice beast (D:12)
  2 necrophages
  2 eyes of draining
  2 ogres
  A centaur (D:9)
  A wolf (D:8)
  A phantom (D:5)
  2 big kobolds
  6 bullfrogs
  6 scorpions
  5 killer bees (D:12)
  3 wights (D:10)
  3 howler monkeys
  2 bullfrog zombies
  7 hounds
  2 jellies
  12 orc wizards
  3 centaur skeletons
  8 orc priests
  3 bullfrog skeletons
  An iron imp (D:6)
  Natasha (thrice) (D:3)
  4 worker ants
  5 iguanas
  A bullfrog simulacrum (D:8)
  2 hound zombies (D:7)
  3 hound skeletons
  8 mummies (Ossuary)
  Robin (D:3)
  4 gnolls (D:3)
  9 adders
  3 shadow imps
  3 white imps
  2 ufetubi
  An ooze (D:3)
  An adder zombie (D:6)
  2 worms
  A dart slug (D:4)
  A leopard gecko (D:1)
  48 orcs
  4 giant cockroaches
  2 gnoll zombies (Ossuary)
  15 hobgoblins
  7 quokkas
  3 ball pythons
  4 bats
  3 frilled lizards
  20 goblins
  7 hobgoblin zombies
  14 kobolds
  2 kobold skeletons (D:6)
  3 kobold zombies (Ossuary)
  2 orc skeletons (D:6)
  3 orc zombies
  A quokka simulacrum (D:8)
  7 rats
345 creatures vanquished.

Notes
Turn   | Place    | Note
-------+----------+-------------------------------------------
     0 | D:1      | Borgoz the Gargoyle Gladiator began the quest for the Orb.
     0 | D:1      | Reached XP level 1. HP: 12/12 MP: 1/1
   260 | D:1      | Reached XP level 2. HP: 18/18 MP: 2/2
  1155 | D:2      | Found a basalt altar of Yredelemnul.
  1200 | D:2      | Found an iron altar of Okawaru.
  1241 | D:2      | Reached XP level 3. HP: 22/22 MP: 3/3
  1259 | D:2      | Became a worshipper of Warmaster Okawaru
  1683 | D:2      | Reached skill level 1 in Armour
  1846 | D:2      | Reached XP level 4. HP: 26/27 MP: 4/4
  1868 | D:2      | Found a white marble altar of Elyvilon.
  2024 | D:3      | Reached skill level 4 in Maces & Flails
  2054 | D:3      | Reached XP level 5. HP: 27/32 MP: 5/5
  2114 | D:3      | Noticed Natasha
  2125 | D:3      | Killed Natasha
  2168 | D:3      | Noticed Natasha
  2183 | D:3      | Killed Natasha
  2200 | D:3      | Noticed Natasha
  2215 | D:3      | Killed Natasha
  2227 | D:3      | Noticed Robin
  2271 | D:3      | Reached XP level 6. HP: 16/37 MP: 6/6
  2286 | D:3      | Killed Robin
  2702 | D:3      | Found a faded altar of an unknown god.
  2872 | D:4      | Found a sand-covered staircase.
  2877 | Ossuary  | Entered an ossuary
  2894 | Ossuary  | Reached * piety under Okawaru
  3038 | Ossuary  | Reached skill level 5 in Maces & Flails
  3074 | Ossuary  | Reached XP level 7. HP: 33/42 MP: 7/7
  3330 | D:4      | Found a bloodstained altar of Trog.
  3422 | D:4      | Found a snail-covered altar of Cheibriados.
  3957 | D:4      | Found a burning altar of Makhleb.
  4197 | D:5      | Entered Level 5 of the Dungeon
  4233 | D:5      | Reached ** piety under Okawaru
  4234 | D:5      | Reached skill level 1 in Invocations
  4234 | D:5      | Reached XP level 8. HP: 35/48 MP: 8/8
  4298 | D:5      | Reached skill level 6 in Maces & Flails
  4465 | D:5      | Reached skill level 5 in Dodging
  5007 | D:6      | Found a glowing golden altar of the Shining One.
  5095 | D:6      | Found a broken altar of Ashenzari.
  5278 | D:6      | Reached skill level 5 in Fighting
  5328 | D:6      | Reached *** piety under Okawaru
  5360 | D:6      | Found a staircase to the Ecumenical Temple.
  5363 | D:6      | Found a broken altar of Ashenzari.
  5371 | Temple   | Entered the Ecumenical Temple
  5469 | D:6      | Noticed Prince Ribbit
  5634 | D:6      | Noticed Sigmund
  5651 | D:6      | Killed Sigmund
  5652 | D:6      | Reached XP level 9. HP: 54/54 MP: 11/11
  5689 | D:6      | Killed Prince Ribbit
  5690 | D:6      | Reached skill level 7 in Maces & Flails
  5742 | D:6      | Found a hazy altar of Hepliaklqana.
  6488 | D:8      | Noticed a polar bear
  6521 | D:8      | Killed a polar bear
  6522 | D:8      | Reached skill level 5 in Armour
  6530 | D:8      | Reached **** piety under Okawaru
  6603 | D:8      | Got an ichor-stained scale mail
  6614 | D:8      | Identified the cursed +0 scale mail "Diating" {Int+2} (You
                  | found it on level 8 of the Dungeon)
  6723 | D:8      | Noticed a death yak
  6724 | D:8      | Found a staircase to the Lair.
  6724 | D:8      | Noticed a death yak
  6755 | D:8      | Killed a death yak
  6756 | D:8      | Reached skill level 8 in Maces & Flails
  6756 | D:8      | Reached XP level 10. HP: 30/60 MP: 13/13
  6771 | D:8      | Killed a death yak
  6771 | D:8      | Reached ***** piety under Okawaru
  6826 | D:8      | Noticed a death yak
  6860 | D:8      | Killed a death yak
  6861 | D:8      | Reached skill level 5 in Invocations
  6873 | D:8      | Received a gift from Okawaru
  6874 | D:8      | Reached skill level 9 in Maces & Flails
  7376 | D:9      | Found a stormy altar of Qazlal.
  7482 | D:9      | Noticed a two-headed ogre
  7489 | D:9      | Killed a two-headed ogre
  7535 | D:9      | Reached XP level 11. HP: 67/67 MP: 14/14
  7554 | D:9      | Found an ancient bone altar of Kikubaaqudgha.
  7637 | D:9      | Found an ornate altar of the Wu Jian Council.
  7746 | D:9      | Identified the ring "Qapan" {+Fly rN+ Will- Str+4 Dex+2}
  7831 | D:9      | Received a gift from Okawaru
  7834 | D:9      | Got a brightly glowing hat {god gift}
  7845 | D:9      | Identified the +1 hat of Day {rPois Str+2} (Okawaru gifted
                  | it to you on level 9 of the Dungeon)
  7922 | D:9      | Found a sparkling altar of Nemelex Xobeh.
  7947 | D:9      | Found a glowing silver altar of Zin.
  7974 | D:9      | Found Ucidd's Gadget Boutique.
  8133 | D:10     | Entered Level 10 of the Dungeon
  8227 | D:10     | Found Jaceics's Magic Scroll Shop.
  8236 | D:10     | Bought a scroll of identify for 24 gold pieces
  8426 | D:10     | Reached skill level 10 in Maces & Flails
  8483 | D:10     | Noticed a manticore
  8499 | D:10     | Killed a manticore
  8619 | D:10     | Noticed a two-headed ogre
  8637 | D:10     | Killed a two-headed ogre
  8939 | D:11     | Found a staircase to the Orcish Mines.
  9030 | D:11     | Noticed an unseen horror
  9045 | D:11     | Killed an unseen horror
  9300 | D:11     | Noticed a cyclops
  9314 | D:11     | Killed a cyclops
  9336 | D:11     | Noticed a deep elf mage
  9336 | D:11     | Noticed a cyclops
  9336 | D:11     | Noticed a tengu warrior
  9338 | D:11     | Noticed a cyclops
  9340 | D:11     | Noticed a tengu warrior
  9473 | D:10     | Killed a tengu warrior
  9474 | D:10     | Reached skill level 11 in Maces & Flails
  9592 | D:10     | Reached XP level 12. HP: 48/75 MP: 15/15
  9647 | D:10     | HP: 2/75 [orc warrior/+0 scimitar (7)]
  9652 | D:10     | Killed a tengu warrior
  9653 | D:10     | Received a gift from Okawaru
 10511 | D:12     | Noticed a boulder beetle
 10555 | D:12     | Killed a boulder beetle
 10869 | D:12     | Received a gift from Okawaru
 10946 | D:12     | Identified a scroll of acquirement
 10948 | D:12     | Acquired a +1 pair of gloves of strength
 11040 | D:12     | Reached skill level 10 in Dodging
 11230 | D:12     | Noticed a two-headed ogre
 11234 | D:12     | Killed a two-headed ogre
 11271 | D:12     | Reached skill level 12 in Maces & Flails
 11528 | D:13     | HP: 3/76 [fire elemental[a deep elf mage] (4)]
 11630 | D:13     | Received a gift from Okawaru
 11686 | D:13     | Noticed a two-headed ogre
 11686 | D:13     | Noticed a two-headed ogre
 11687 | D:13     | Noticed a deep elf knight
 11695 | D:13     | Noticed an ogre mage
 11709 | D:13     | HP: 2/76 [two-headed ogre/+0 giant club (13)]
 11714 | D:13     | HP: 2/76 [two-headed ogre/+0 giant club (4)]
 11716 | D:13     | Mangled by a two-headed ogre

Illustrated notes

Levels and vault maps discovered:
D:1:      minmay_arrival_semitransparent, layout_loops_ring, serial_forest,
          infiniplex_forest_clump_long, infiniplex_forest_clump_tiny,
          infiniplex_forest_clump_C, infiniplex_forest_clump_double,
          infiniplex_forest_pool, infiniplex_forest_clump_large,
          infiniplex_forest_straight_2, infiniplex_forest_clump_small,
          infiniplex_forest_3_way
D:2:      layout_loops_ring, kennysheep_ying_yang, okawaru_trees_1,
          serial_rivers, chequers_serial_rivers_micro_e,
          chequers_serial_rivers_micro_d, chequers_serial_rivers_marsh,
          chequers_serial_rivers_micro_b, chequers_serial_rivers_micro_c,
          serial_park_tiny_1, kennysheep_generic_room_5
D:3:      layout_loops_ring, chequers_ecumenical_altar_twisty, uniq_natasha,
          uniq_robin
D:4:      minmay_door_path, layout_loops_ring, nicolae_overflow_crystal_walls,
          kennysheep_slug_shrine, makhleb_blood_cavern_becter,
          nicolae_ossuary_entry_false_entrances
D:5:      minmay_angry_zag, layout_basic
D:6:      layout_basic, nzn_hepliaklqana_mist_gate,
          nicolae_tso_besieged_by_evil, ashenzari_conservatory_becter,
          minmay_temple_entry_arrows, basic_altar, uniq_sigmund,
          uniq_prince_ribbit1
D:7:      layout_loops_ring, minmay_misc_feat_pillars,
          hangedman_abyss_or_decor_slice
D:8:      layout_loops_ring, dpeg_lair_monsters, serial_ice, serial_ice_b,
          serial_ice_g, serial_ice_c, serial_ice_d, serial_ice_h
D:9:      layout_irregular_city, kennysheep_mini_moat, kennysheep_mini,
          nemelex_altar_shiori, old_standard_altar,
          nicolae_overflow_hidden_temple, serial_shops, nicolae_shop_waterfront,
          hangedman_abyss_or_decor_clamps, minmay_mirror_moons_of_madness
D:10:     layout_basic, serial_shops, shop
D:11:     layout_basic, minmay_orc_entry_guard_dogs, minivault_28
D:12:     layout_roguey
D:13:     layout_rooms, hangedman_vaults_entry_quadrant_bands,
          nicolae_trove_entry_crystal, uniq_rupert
Temple:   corrupted_temple

Skill      XL: |  1  2  3  4  5  6  7  8  9 10 11 12 |
---------------+-------------------------------------+-----
Armour         | 1 2 3 4 5 6 8 9 |  9.2
Dodging        | 3 4 5 6 8 9 10 | 10.4
Maces & Flails | 4 5 6 8 9 11 12 | 12.2
Fighting       | 3 4 5 6 7 8 9 |  9.6
Invocations    | 1 3 4 5 |  5.0
Throwing       | |  1.9

Action                   |  1- 3 |  4- 6 |  7- 9 | 10-12 || total
-------------------------+-------+-------+-------+-------++-------
Melee: Flail             |   122 |   288 |   514 |   120 ||  1044
       Punch             |       |       |     1 |     8 ||     9
       Great mace        |       |       |       |   704 ||   704
Throw: Throwing net      |       |       |       |     3 ||     3
Invok: Heroism           |       |       |     1 |     2 ||     3
  Use: Potion            |       |       |     3 |    12 ||    15
       Scroll            |       |       |    11 |     9 ||    20
 Stab: Sleeping          |     1 |       |       |       ||     1
       Held in net/web   |       |       |       |     1 ||     1
Armor: Leather armour    |    51 |    69 |       |       ||   120
       Scale mail        |       |    67 |   294 |   568 ||   929
Dodge: Dodged            |    85 |   280 |   348 |   768 ||  1481
